 Dungeon Crawl Stone Soup version 0.31-a0-360-gb3e1d13bf4 (webtiles) character file.

Game seed: 16679126138236203013

1589 Hubris850 the Martial Artist (level 8, -1/56 HPs)
             Began as a Merfolk Gladiator on July 26, 2023.
             Was a Priest of Trog.
             Killed from afar by a steam dragon (13 damage)
             ... with a ball of steam
             ... on level 7 of the Dungeon.
             The game lasted 00:13:28 (5036 turns).

Hubris850 the Martial Artist (Merfolk Gladiator)    Turns: 5036, Time: 00:13:29

Health: -1/56      AC:  9    Str: 22    XL:     8   Next: 92%
Magic:  8/8        EV: 11    Int:  7    God:    Trog [***...]
Gold:   470        SH:  0    Dex: 16    Spells: 7/7 levels left

rFire   . .          .
                       - Unarmed
rCold   . . .        (no shield)
rNeg    . . .        C - +0 scale mail "Coneepu" {Harm Slay+3 SInv}
rPois   .            b - +0 helmet
rElec   .            G - +0 cloak
rCorr   +            (no gloves)
SInv    +            h - +0 pair of boots
Will    .....        (no amulet) Stlth
                     l - +6 ring of strength
HPRegen 0.29/turn    E - ring of resist corrosion
MPRegen 0.11/turn

%: harm (+30% outgoing, +20% incoming)
@: no status effects
A: (nimble swimmer 2), mertail
a: Renounce Religion, Berserk, Trog's Hand


You were on level 7 of the Dungeon.
You worshipped Trog.
Trog was most pleased with you.
You visited 1 branch of the dungeon, and saw 7 of its levels.

You collected 492 gold pieces.
You spent 22 gold pieces at shops.

Inventory:

Missiles
 c - 3 throwing nets
 d - a javelin
 e - 5 poisoned darts (quivered)
Armour
 a - a +0 leather armour
 b - a +0 helmet (worn)
 h - a +0 pair of boots (worn)
 i - a +0 ring mail
 y - a +4 ring mail of willpower
 C - the +0 scale mail "Coneepu" (worn) {Harm Slay+3 SInv}
   (You found it on level 5 of the Dungeon)

   Slay:      It affects your accuracy & damage with ranged weapons and melee
   (+3).
   SInv:      It lets you see invisible.
   Harm:      It increases damage dealt and taken.
 G - a +0 cloak (worn)
Jewellery
 l - a +6 ring of strength (left hand)
 E - a ring of resist corrosion (right hand)
 I - the ring of the Spinneret {Fire rPois Str-5 Dex-4 SInv}
   (You found it on level 7 of the Dungeon)

   [ring of fire]

   It enhances your fire magic.
   Str:       It affects your strength (-5).
   Dex:       It affects your dexterity (-4).
   rF:        It protects you from fire.
   rC:        It makes you vulnerable to cold.
   rPois:     It protects you from poison.
   SInv:      It lets you see invisible.
Talismans
 t - a beast talisman
Wands
 x - a wand of flame (18)
 D - a wand of roots (5)
Scrolls
 g - 3 scrolls of blinking
 k - 2 scrolls of vulnerability
 m - a scroll of amnesia
 n - 2 scrolls of immolation
 p - a scroll of fog
 q - a scroll of enchant armour {unknown}
 s - a scroll of butterflies {unknown}
 u - a scroll of fear {unknown}
 w - 2 scrolls of revelation {unknown}
 z - a scroll of teleportation {unknown}
 B - a scroll of noise {unknown}
 H - a scroll of enchant weapon {unknown}
Potions
 f - 5 potions of curing
 j - 4 potions of ambrosia
 o - a potion of might {unknown}
 r - a potion of lignification {unknown}
 v - 3 potions of heal wounds {unknown}
 A - a potion of degeneration {unknown}
 F - a potion of brilliance {unknown}


   Skills:
 - Level 2.1 Fighting
 - Level 4.0 Throwing
 - Level 4.0 Dodging
 + Level 9.1 Unarmed Combat
 + Level 7.4 Shapeshifting


You had 7 spell levels left.
You didn't know any spells.
Your spell library was empty.

Dungeon Overview and Level Annotations

Branches:
Dungeon (7/15)             Temple (0/1) D:4

Altars:
Makhleb
Trog
Uskayaw
Yredelemnul

Shops:
D:1 *


Innate Abilities, Weirdness & Mutations

((You are very nimble when in or above water. (Stealth+, EV+, Speed+++)))
Your lower body shifts to a powerful aquatic tail in water.


Message History

The gnoll barely misses you. The gnoll misses you.
You hit the gnoll.
You kill the gnoll!
Trog accepts your kill.
The gnoll hits you from afar with a +0 spear.
The gnoll hits you with a +0 spear.
Items here: )))) [ †††.
You punch the gnoll!
You kill the gnoll!
Trog accepts your kill. The gnoll hits you with a +0 flail.
You punch the gnoll!
You kill the gnoll!
Trog accepts your kill. The steam dragon breathes steam at you.
The ball of steam hits you.
Items here: )) ††.
You hit the steam dragon but do no damage.
Your punch misses the steam dragon.
You are engulfed in a cloud of scalding steam.
The steam dragon bites you. The steam dragon claws you.
You are too injured to fight recklessly!
You are too injured to fight recklessly!
You are too injured to fight recklessly!
You closely miss the steam dragon.
You are engulfed in a cloud of scalding steam.
The steam dragon bites you.
The steam dragon claws you but does no damage.
You completely miss the steam dragon. The steam dragon closely misses you.
The steam dragon claws you.
You punch the steam dragon!
The steam dragon is severely wounded.
The steam dragon bites you!
* * * LOW HITPOINT WARNING * * *
The steam dragon claws you but does no damage.
You hit the steam dragon.
The steam dragon is almost dead.
The steam dragon breathes steam at you. The ball of steam hits you!
You die...

#####
#.#.#
#.#.#
# #.#
# #.#
# #.#
# #.#
# #.#
# #)#
#@#
#D#
...
##...
##.#.
.#.#
.# #
.#


You could see a steam dragon (catching breath).

Vanquished Creatures
  A steam dragon (D:7)
  An ice beast (D:5)
  A black bear (D:6)
  4 bullfrogs
  3 scorpions
  4 killer bees (D:7)
  2 hounds
  An orc priest (D:4)
  A jelly (D:4)
  A sleepcap (D:5)
  A gnoll bouda (D:7)
  6 iguanas
  Ijyb (D:4)
  12 gnolls
  7 adders
  2 shadow imps
  2 ufetubi (D:5)
  2 worms
  5 dart slugs
  6 orcs
  4 endoplasms
  7 giant cockroaches
  6 goblins
  11 hobgoblins
  3 jackals (D:2)
  3 quokkas
  8 ball pythons
  3 bats (D:1)
  3 frilled lizards
  15 kobolds
  7 rats
133 creatures vanquished.

Notes
Turn   | Place    | Note
-------+----------+-------------------------------------------
     0 | D:1      | Hubris850 the Merfolk Gladiator began the quest for the
                  | Orb.
     0 | D:1      | Reached XP level 1. HP: 16/16 MP: 1/1
    64 | D:1      | Reached XP level 2. HP: 12/22 MP: 2/2
   181 | D:1      | Found a faded altar of an unknown god.
   194 | D:1      | Prayed at the altar of an unknown god.
   194 | D:1      | Became a worshipper of Trog the Wrathful
   194 | D:1      | Reached * piety under Trog
   508 | D:1      | Reached XP level 3. HP: 27/27 MP: 3/3
   565 | D:1      | Reached skill level 4 in Unarmed Combat
   604 | D:1      | Found Xyuss's General Store.
   611 | D:1      | Bought a scroll of identify for 22 gold pieces
   957 | D:2      | Reached ** piety under Trog
  1075 | D:2      | Reached XP level 4. HP: 26/33 MP: 4/4
  1883 | D:3      | Reached XP level 5. HP: 38/38 MP: 5/5
  2024 | D:4      | Reached skill level 5 in Unarmed Combat
  2123 | D:4      | Reached skill level 1 in Shapeshifting
  2183 | D:4      | Noticed Ijyb
  2199 | D:4      | Killed Ijyb
  2235 | D:4      | Found a staircase to the Ecumenical Temple.
  2263 | D:4      | Reached XP level 6. HP: 44/44 MP: 6/6
  2432 | D:4      | Reached *** piety under Trog
  2644 | D:4      | Reached skill level 6 in Unarmed Combat
  2717 | D:4      | Found a basalt altar of Yredelemnul.
  2942 | D:5      | Entered Level 5 of the Dungeon
  3022 | D:5      | Identified the +0 scale mail "Coneepu" {Harm Slay+3 SInv}
  3170 | D:5      | Reached XP level 7. HP: 40/50 MP: 7/7
  3232 | D:5      | Found a burning altar of Makhleb.
  3802 | D:5      | Reached skill level 7 in Unarmed Combat
  4091 | D:6      | Found a hide-covered altar of Uskayaw.
  4188 | D:6      | Reached skill level 5 in Shapeshifting
  4331 | D:6      | Reached XP level 8. HP: 47/56 MP: 8/8
  4791 | D:7      | Reached skill level 8 in Unarmed Combat
  4836 | D:7      | Identified the ring of the Spinneret {Fire rPois Str-5
                  | Dex-4 SInv}
  5024 | D:7      | Reached skill level 9 in Unarmed Combat
  5036 | D:7      | Killed from afar by a steam dragon

Illustrated notes

Levels and vault maps discovered:
D:1:      lemuel_arrival_tunnels, layout_loops_ring, serial_shops, shop,
          shapermc_ecumenical_altar_gd, minmay_misc_feat_ornament, st_stairs_12
D:2:      layout_loops_ring
D:3:      layout_basic, solitary_fountain, chequers_garden
D:4:      layout_loops_ring, amcnicky_altar_gilded,
          minmay_temple_entry_sparse_star, uniq_ijyb
D:5:      layout_loops_cross, mainiacjoe_overflow_small_starburst,
          kennysheep_generic_room_4
D:6:      layout_loops_corners, eat_drink_and_be_merry_uskayaw
D:7:      layout_loops_ring, kennysheep_mini_moat, grunt_dithmenos_smoke,
          mrwooster_statue_mirror

Skill      XL: |  1  2  3  4  5  6  7  8 |
---------------+-------------------------+-----
Unarmed Combat | 4 5 6 7 9 |  9.1
Throwing       | 3 4 |  4.0
Shapeshifting  | 2 3 5 7 |  7.4
Fighting       | |  2.1
Dodging        | |  4.0

Action                     |  1- 3 |  4- 6 |  7- 9 || total
---------------------------+-------+-------+-------++-------
  Melee: Unarmed           |   119 |   207 |   114 ||   440
         Punch             |     2 |    11 |     3 ||    16
  Throw: Dart              |       |     8 |       ||     8
 Invoke: Berserk           |       |       |     1 ||     1
Ability: Begin Untransform |       |     4 |     1 ||     5
    Use: Scroll            |     4 |     3 |       ||     7
 Armour: Leather armour    |    11 |       |       ||    11
         Ring mail         |    21 |    59 |       ||    80
         Scale mail        |       |     2 |    33 ||    35
  Dodge: Dodged            |    63 |   117 |    40 ||   220
   Form: Beast             |       |     5 |     1 ||     6

Table legend: (Time is in decaauts)
 A = Elapsed time spent in this place.
 B = Non-inter-level travel time spent in this place.
 C = Inter-level travel time spent in this place.
 D = Time resting spent in this place.
 E = Time spent auto-exploring this place.
 F = Levels seen in this place.
 G = Mean time per level.
                   A        B        C        D        E       F      G
               +--------+--------+--------+--------+--------+-----+--------+
         Total |   4996 |   4826 |    170 |    134 |   3691 |   7 |  713.7 |
       Dungeon |   4996 |   4826 |    170 |    134 |   3691 |   7 |  713.7 |
               +--------+--------+--------+--------+--------+-----+--------+

Top non-repeatable levels by time:
     D:1: 916 daAuts
     D:4: 914 daAuts
     D:6: 909 daAuts
     D:5: 881 daAuts
     D:2: 631 daAuts
     D:3: 450 daAuts
     D:7: 292 daAuts
